| TOP OF THE 1ST |
|
Arizona Diamondbacks batting - Pitching for Miami Marlins : RHP Julio Espinel
|
|
Pitching: RHP Julio Espinel
|
|
|
Batting: RHB Shiro Suehiro
|
0-0: Ball 1-0: Ball 2-0: Ball 3-0: Base on Balls
|
|
Batting: RHB David Price Jr.
|
0-0: Ball 1-0: Ball 2-0: Ball 3-0: Called Strike 3-1: Foul Ball, location: 2F 3-2: Foul Ball, location: 2F 3-2: Base on Balls Shiro Suehiro to second
|
|
Batting: SHB Perry Tuckfard
|
0-0: Ball 1-0: Fly out, F8 (Flyball, 89S, EV 76.2 MPH)
|
|
Batting: RHB Mario Soto
|
0-0: Foul Ball, location: 2F 0-1: DOUBLE (Line Drive, 8LXD, EV 104.4 MPH) Shiro Suehiro scores David Price Jr. to third
|
|
Batting: RHB Blake Ballard
|
0-0: Called Strike 0-1: Ball 1-1: Fly out, F9 (Flyball, 9S, EV 79.4 MPH)
|
|
Pitching: LHP Patrick Meesters
|
|
|
Batting: RHB Billy Crookston
|
0-0: Called Strike 0-1: Ground out 6-3 (Groundball, 56, EV 108.1 MPH)
|
| Top of the 1st over - 1 run, 1 hit, 0 errors, 2 left on base; Arizona 1 - Miami 0 |
| BOTTOM OF THE 1ST |
|
Miami Marlins batting - Pitching for Arizona Diamondbacks : RHP Art Nobles
|
|
Pitching: RHP Art Nobles
|
|
|
Batting: RHB Jeff Garofalo
|
0-0: Ball 1-0: Ball 2-0: Reached on error, E4 (Groundball, 34, EV 96.9 MPH)
|
|
Batting: RHB Micah Christopher
|
0-0: Foul Ball, location: 2F 0-1: Ball 1-1: Ball 2-1: SINGLE (Groundball, 56D, EV 100.0 MPH) Jeff Garofalo to second Runner from 2nd tries for 3rd, SAFE, no throw by LF
|
|
Batting: LHB Andre Gorter
|
0-0: Ball 1-0: Swinging Strike 1-1: Ball 2-1: Ball 3-1: Foul Ball, location: 2F 3-2: Foul Ball, location: 2F 3-2: Foul Ball, location: 2F 3-2: Base on Balls Micah Christopher to second
|
|
Batting: RHB Jimmy Groseclose
|
0-0: Fly out, F6 (Line Drive, 6, EV 65.6 MPH)
|
|
Batting: RHB Roger Salazar
|
0-0: Swinging Strike 0-1: Ball 1-1: Foul Ball, location: 2F 1-2: Ground out 5-3 (Groundball, 56S, EV 69.4 MPH) Jeff Garofalo scores Micah Christopher to third Andre Gorter to second
|
|
Batting: RHB Justin Huff
|
0-0: Reached on error, E3 (Groundball, 34D, EV 96.2 MPH) Micah Christopher scores Andre Gorter to third
|
|
Batting: RHB Steve Barnard
|
0-0: Ball 1-0: Ball 2-0: Fly out, F6 (Flyball, 56D, EV 84.4 MPH)
|
| Bottom of the 1st over - 2 runs, 1 hit, 2 errors, 2 left on base; Arizona 1 - Miami 2 |
| TOP OF THE 2ND |
|
Arizona Diamondbacks batting - Pitching for Miami Marlins : LHP Patrick Meesters
|
|
Batting: SHB Valentin Laporte
|
0-0: Foul Ball, location: 2F 0-1: Ball 1-1: Ball 2-1: Foul Ball, location: 2F 2-2: Ball 3-2: Foul Ball, location: 2F 3-2: Foul Ball, location: 2F 3-2: Base on Balls
|
|
Batting: RHB Fabrice Bertin
|
0-0: Ball 1-0: Called Strike 1-1: Ball 2-1: Foul Ball, location: 2F 2-2: Foul Ball, location: 2F 2-2: Grounds into double play, 4-6-3 (Groundball, 4, EV 101.9 MPH)
|
|
Batting: LHB Kyle Beaulieu
|
0-0: Ball 1-0: Ball 2-0: Ball 3-0: Base on Balls
|
|
Batting: RHB Shiro Suehiro
|
0-0: Ball 1-0: Swinging Strike Pickoff Throw to First - Error! E1 Kyle Beaulieu to second 1-1: Swinging Strike 1-2: Foul Ball, location: 2F 1-2: DOUBLE (Line Drive, 9LS, EV 95.6 MPH) Kyle Beaulieu scores
|
|
Batting: RHB David Price Jr.
|
0-0: Ball 1-0: Ball 2-0: SINGLE (Line Drive, 78S, EV 103.1 MPH) Shiro Suehiro to third Runner from 3rd tries for Home, SAFE, throw by LF to home
|
|
Batting: SHB Perry Tuckfard
|
0-0: Ground out 4-3 (Groundball, 4, EV 85.0 MPH)
|
| Top of the 2nd over - 2 runs, 2 hits, 1 error, 1 left on base; Arizona 3 - Miami 2 |
| BOTTOM OF THE 2ND |
|
Miami Marlins batting - Pitching for Arizona Diamondbacks : RHP Art Nobles
|
|
Batting: RHB Seth Tramontano
|
0-0: Called Strike 0-1: SINGLE (Line Drive, 89S, EV 101.2 MPH)
|
|
Batting: RHB Eric Jordan
|
0-0: Ball 1-0: Ball 2-0: Grounds into double play, 6-4-3 (Groundball, 6S, EV 84.4 MPH)
|
|
Batting: RHB Jeff Garofalo
|
0-0: Ball 1-0: Ball 2-0: Called Strike 2-1: Ball 3-1: Base on Balls
|
|
Batting: RHB Micah Christopher
|
0-0: Ball 1-0: Ball 2-0: DOUBLE (Flyball, 89XD, EV 99.4 MPH) Jeff Garofalo to third Runner from 3rd tries for Home, SAFE, no throw by RF
|
|
Batting: LHB Andre Gorter
|
0-0: Ball 1-0: Ball 2-0: Foul Ball, location: 2F 2-1: Foul Ball, location: 2F 2-2: Foul Ball, location: 2F 2-2: Ball 3-2: Base on Balls
|
|
Batting: RHB Jimmy Groseclose
|
0-0: Ball 1-0: Foul Ball, location: 2F 1-1: Foul Ball, location: 2F 1-2: Foul Ball, location: 2F 1-2: Strikes out swinging
|
| Bottom of the 2nd over - 1 run, 2 hits, 0 errors, 2 left on base; Arizona 3 - Miami 3 |
| TOP OF THE 3RD |
|
Arizona Diamondbacks batting - Pitching for Miami Marlins : LHP Patrick Meesters
|
|
Batting: RHB Mario Soto
|
0-0: Called Strike 0-1: Called Strike 0-2: Strikes out swinging
|
|
Batting: RHB Blake Ballard
|
0-0: Called Strike 0-1: Foul Ball, location: 2F 0-2: Ball 1-2: Foul Ball, location: 2F 1-2: Foul Ball, location: 2F 1-2: Fly out, F8 (Flyball, 8RS, EV 81.2 MPH)
|
|
Batting: RHB Billy Crookston
|
0-0: Fly out, F8 (Flyball, 8RM, EV 92.5 MPH)
|
| Top of the 3rd over - 0 runs, 0 hits, 0 errors, 0 left on base; Arizona 3 - Miami 3 |
| BOTTOM OF THE 3RD |
|
Miami Marlins batting - Pitching for Arizona Diamondbacks : RHP Art Nobles
|
|
Batting: RHB Roger Salazar
|
0-0: Called Strike 0-1: Called Strike 0-2: Ball 1-2: Ground out 4-3 (Groundball, 4M, EV 83.1 MPH)
|
|
Batting: RHB Justin Huff
|
0-0: Called Strike 0-1: Ball 1-1: Foul Ball, location: 2F 1-2: Ball 2-2: Strikes out looking
|
|
Batting: RHB Steve Barnard
|
0-0: Swinging Strike 0-1: Swinging Strike 0-2: Ball 1-2: Ball 2-2: Strikes out swinging
|
| Bottom of the 3rd over - 0 runs, 0 hits, 0 errors, 0 left on base; Arizona 3 - Miami 3 |
| TOP OF THE 4TH |
|
Arizona Diamondbacks batting - Pitching for Miami Marlins : LHP Patrick Meesters
|
|
Batting: SHB Valentin Laporte
|
0-0: Swinging Strike 0-1: Ball 1-1: Ball 2-1: Ball 3-1: Called Strike 3-2: Base on Balls
|
|
Batting: RHB Fabrice Bertin
|
0-0: Ball 1-0: Called Strike 1-1: SINGLE (Groundball, 56S, EV 70.0 MPH) (infield hit) Valentin Laporte to second
|
|
Batting: LHB Kyle Beaulieu
|
0-0: Ball 1-0: Ball 2-0: Swinging Strike 2-1: Ball 3-1: Base on Balls Valentin Laporte to third Fabrice Bertin to second
|
|
Batting: RHB Shiro Suehiro
|
0-0: Ball 1-0: Foul Ball, location: 2F 1-1: Ball 2-1: Ball 3-1: Called Strike 3-2: Base on Balls Valentin Laporte scores Fabrice Bertin to third Kyle Beaulieu to second
|
|
Batting: RHB David Price Jr.
|
0-0: Ball 1-0: Called Strike 1-1: Ball 2-1: Ball 3-1: Fly out, F8 (Line Drive, 8LM, EV 91.9 MPH)
|
|
Batting: SHB Perry Tuckfard
|
0-0: Ball 1-0: Fielders Choice at 2nd, 3-6 (Groundball, 34S, EV 90.6 MPH) Fabrice Bertin scores Kyle Beaulieu to third
|
|
Batting: RHB Mario Soto
|
0-0: Called Strike 0-1: Ball 1-1: Ball 2-1: Ball 3-1: Called Strike 3-2: Strikes out looking
|
| Top of the 4th over - 2 runs, 1 hit, 0 errors, 2 left on base; Arizona 5 - Miami 3 |
| BOTTOM OF THE 4TH |
|
Miami Marlins batting - Pitching for Arizona Diamondbacks : RHP Art Nobles
|
|
Batting: RHB Seth Tramontano
|
0-0: Ball 1-0: Called Strike 1-1: Ground out U3 (Groundball, 34, EV 98.1 MPH)
|
|
Batting: RHB Eric Jordan
|
0-0: Foul Ball, location: 2F 0-1: Ground out 4-3 (Groundball, 4, EV 99.4 MPH)
|
|
Batting: RHB Jeff Garofalo
|
0-0: Ball 1-0: Foul Ball, location: 2F 1-1: Ball 2-1: Foul Ball, location: 2F 2-2: DOUBLE (Flyball, 8RXD, EV 105.0 MPH)
|
|
Batting: RHB Micah Christopher
|
0-0: Foul Ball, location: 2F 0-1: Swinging Strike 0-2: Foul Ball, location: 2F 0-2: Foul Ball, location: 2F 0-2: Ball 1-2: Ball 2-2: Foul Ball, location: 2F 2-2: Ball 3-2: Foul Ball, location: 2F 3-2: SINGLE (Groundball, 56D, EV 96.9 MPH) Jeff Garofalo to third Runner from 3rd tries for Home, SAFE, throw by LF to home
|
|
Batting: LHB Andre Gorter
|
0-0: Called Strike 0-1: Ball 1-1: Called Strike 1-2: Ball 2-2: Foul Ball, location: 2F 2-2: Ball 3-2: SINGLE (Groundball, 4S, EV 65.0 MPH) (infield hit) Micah Christopher to second
|
|
Batting: RHB Jimmy Groseclose
|
0-0: Foul Ball, location: 2F 0-1: Foul Ball, location: 2F 0-2: Foul Ball, location: 2F 0-2: Foul Ball, location: 2F 0-2: Ball 1-2: Strikes out swinging
|
| Bottom of the 4th over - 1 run, 3 hits, 0 errors, 2 left on base; Arizona 5 - Miami 4 |
| TOP OF THE 5TH |
|
Arizona Diamondbacks batting - Pitching for Miami Marlins : LHP Patrick Meesters
|
|
Batting: RHB Blake Ballard
|
0-0: Ball 1-0: Ball 2-0: Foul Ball, location: 2F 2-1: Foul Ball, location: 2F 2-2: Foul Ball, location: 2F 2-2: Strikes out swinging
|
|
Batting: RHB Billy Crookston
|
0-0: Ball 1-0: Ball 2-0: Called Strike 2-1: Ball 3-1: Base on Balls
|
|
Batting: SHB Valentin Laporte
|
0-0: Ball 1-0: Ball 2-0: Called Strike 2-1: Foul Ball, location: 2F 2-2: Strikes out swinging
|
|
Batting: RHB Fabrice Bertin
|
0-0: Ball 1-0: Called Strike 1-1: Foul Ball, location: 2F 1-2: Foul Ball, location: 2F 1-2: Ball 2-2: Ball 3-2: Base on Balls Billy Crookston to second
|
|
Batting: LHB Kyle Beaulieu
|
0-0: Ball 1-0: Ball 2-0: Fly out, F7 (Flyball, 7LS, EV 85.6 MPH)
|
| Top of the 5th over - 0 runs, 0 hits, 0 errors, 2 left on base; Arizona 5 - Miami 4 |
| BOTTOM OF THE 5TH |
|
Miami Marlins batting - Pitching for Arizona Diamondbacks : RHP Art Nobles
|
|
Batting: RHB Roger Salazar
|
0-0: Called Strike 0-1: Ball 1-1: Ball 2-1: Ground out 5-3 (Groundball, 5, EV 88.1 MPH)
|
|
Batting: RHB Justin Huff
|
0-0: Ball 1-0: Ball 2-0: SINGLE (Groundball, 56S, EV 73.8 MPH) (infield hit)
|
|
Batting: RHB Steve Barnard
|
0-0: Ball 1-0: SINGLE (Line Drive, 7S, EV 90.6 MPH) Justin Huff to second
|
|
Batting: RHB Seth Tramontano
|
0-0: Ball 1-0: DOUBLE (Line Drive, 78D, EV 110.6 MPH) Justin Huff scores Steve Barnard to third
|
|
Pitching: LHP Mario Valdivia
|
|
|
Batting: RHB Eric Jordan
|
0-0: Ball 1-0: Called Strike 1-1: Ball 2-1: Foul Ball, location: 2F 2-2: Ball 3-2: Base on Balls
|
|
Batting: RHB Jeff Garofalo
|
0-0: Ball 1-0: Ball 2-0: Ball 3-0: Called Strike 3-1: Fly out, F8 (Flyball, 8RXD, EV 100.6 MPH) Runner from 3rd tags up, SCORES, no throw by CF Seth Tramontano to third
|
|
Batting: RHB Micah Christopher
|
0-0: Ball 1-0: Ball 2-0: Ball 3-0: Called Strike 3-1: Base on Balls Eric Jordan to second
|
|
Batting: LHB Andre Gorter
|
0-0: Foul Ball, location: 2F 0-1: Ball 1-1: Ground out U3 (Groundball, 3, EV 84.4 MPH)
|
| Bottom of the 5th over - 2 runs, 3 hits, 0 errors, 3 left on base; Arizona 5 - Miami 6 |
| TOP OF THE 6TH |
|
Arizona Diamondbacks batting - Pitching for Miami Marlins : LHP Patrick Meesters
|
|
Batting: RHB Shiro Suehiro
|
0-0: Ball 1-0: Ball 2-0: Ball 3-0: Called Strike 3-1: Foul Ball, location: 2F 3-2: SINGLE (Groundball, 6M, EV 106.9 MPH) (infield hit)
|
|
Pitching: RHP Jason Davis
|
|
|
Batting: RHB David Price Jr.
|
0-0: Ball 1-0: Called Strike 1-1: Ball 2-1: Fly out, F7 (Flyball, 7D, EV 106.9 MPH)
|
|
Batting: SHB Perry Tuckfard
|
0-0: Ball 1-0: Grounds into double play, 1-6-3 (Groundball, 13S, EV 64.4 MPH)
|
| Top of the 6th over - 0 runs, 1 hit, 0 errors, 0 left on base; Arizona 5 - Miami 6 |
| BOTTOM OF THE 6TH |
|
Miami Marlins batting - Pitching for Arizona Diamondbacks : LHP Mario Valdivia
|
|
Batting: RHB Jimmy Groseclose
|
0-0: Ball 1-0: Ball 2-0: Ball 3-0: Swinging Strike 3-1: Base on Balls
|
|
Pitching: RHP Andrew Coker
|
|
|
Batting: RHB Roger Salazar
|
0-0: Called Strike 0-1: Foul Ball, location: 2F 0-2: Strikes out swinging
|
|
Batting: RHB Justin Huff
|
0-0: Ball 1-0: Foul Ball, location: 2F 1-1: Fielders Choice at 2nd, 4-6 (Groundball, 4M, EV 97.5 MPH)
|
|
Batting: RHB Steve Barnard
|
0-0: Called Strike Justin Huff steals 2nd base 0-1: Called Strike 0-2: Strikes out swinging
|
| Bottom of the 6th over - 0 runs, 0 hits, 0 errors, 1 left on base; Arizona 5 - Miami 6 |
| TOP OF THE 7TH |
|
Arizona Diamondbacks batting - Pitching for Miami Marlins : RHP Jason Davis
|
|
Batting: LHB Eric Klasek
|
0-0: Called Strike 0-1: Ball 1-1: Called Strike 1-2: Foul Ball, location: 2F 1-2: Foul Ball, location: 2F 1-2: Foul Ball, location: 2F 1-2: Ground out 4-3 (Groundball, 4, EV 86.2 MPH)
|
|
Pinch Hitting: LHB Danny Dunham
|
0-0: Called Strike 0-1: Ball 1-1: Ground out 6-3 (Groundball, 56, EV 101.2 MPH)
|
|
Batting: RHB Billy Crookston
|
0-0: Called Strike 0-1: Ball 1-1: Ball 2-1: Called Strike 2-2: Foul Ball, location: 2F 2-2: Ball 3-2: Base on Balls
|
|
Batting: SHB Valentin Laporte
|
0-0: Called Strike 0-1: Ball 1-1: Fly out, F8 (Flyball, 8RD, EV 90.0 MPH)
|
| Top of the 7th over - 0 runs, 0 hits, 0 errors, 1 left on base; Arizona 5 - Miami 6 |
| BOTTOM OF THE 7TH |
|
Miami Marlins batting - Pitching for Arizona Diamondbacks : RHP Andrew Coker
|
|
Now in CF: Roy Steigerwald
|
|
|
Batting: RHB Seth Tramontano
|
0-0: Ground out 5-3 (Groundball, 56, EV 105.0 MPH)
|
|
Batting: RHB Eric Jordan
|
0-0: Called Strike 0-1: Ball 1-1: Foul Ball, location: 2F 1-2: Ball 2-2: Foul Ball, location: 2F 2-2: Strikes out swinging
|
|
Batting: RHB Jeff Garofalo
|
0-0: Ball 1-0: Ball 2-0: Foul Ball, location: 2F 2-1: Ground out 6-3 (Groundball, 6S, EV 90.6 MPH)
|
| Bottom of the 7th over - 0 runs, 0 hits, 0 errors, 0 left on base; Arizona 5 - Miami 6 |
| TOP OF THE 8TH |
|
Arizona Diamondbacks batting - Pitching for Miami Marlins : RHP Jason Davis
|
|
Batting: RHB Fabrice Bertin
|
0-0: Foul Ball, location: 2F 0-1: SINGLE (Line Drive, 6D, EV 99.4 MPH)
|
|
Pitching: LHP Paul Cantrell
|
|
|
Pinch Hitting: SHB Troy McClure
|
0-0: Ball 1-0: Sac Bunt to 25 - play at first, batter OUT! 5-4 Fabrice Bertin to second
|
|
Batting: RHB Shiro Suehiro
|
0-0: Called Strike 0-1: Ball 1-1: Called Strike 1-2: Foul Ball, location: 2F 1-2: Ball 2-2: SINGLE (Line Drive, 8LS, EV 105.0 MPH) Fabrice Bertin to third
|
|
Batting: RHB David Price Jr.
|
0-0: Ball 1-0: Called Strike 1-1: Ball 2-1: Ball 3-1: Grounds into double play, 6-4-3 (Groundball, 6M, EV 81.9 MPH)
|
| Top of the 8th over - 0 runs, 2 hits, 0 errors, 1 left on base; Arizona 5 - Miami 6 |
| BOTTOM OF THE 8TH |
|
Miami Marlins batting - Pitching for Arizona Diamondbacks : RHP Andrew Coker
|
|
Now at SS: Alec Thorpe
|
|
|
Batting: RHB Micah Christopher
|
0-0: Called Strike 0-1: Ball 1-1: Foul Ball, location: 2F 1-2: Foul Ball, location: 2F 1-2: Foul Ball, location: 2F 1-2: Ball 2-2: Foul Ball, location: 2F 2-2: Ground out 5-3 (Groundball, 56S, EV 81.9 MPH)
|
|
Batting: LHB Andre Gorter
|
0-0: Ball 1-0: Ball 2-0: Ball 3-0: Called Strike 3-1: Ground out U3 (Groundball, 3L, EV 103.1 MPH)
|
|
Batting: RHB Jimmy Groseclose
|
0-0: Swinging Strike 0-1: Swinging Strike 0-2: Ball 1-2: Strikes out swinging
|
| Bottom of the 8th over - 0 runs, 0 hits, 0 errors, 0 left on base; Arizona 5 - Miami 6 |
| TOP OF THE 9TH |
|
Arizona Diamondbacks batting - Pitching for Miami Marlins : LHP Paul Cantrell
|
|
Pitching: RHP Travis Small
|
|
|
Batting: SHB Perry Tuckfard
|
0-0: Called Strike 0-1: Called Strike 0-2: Ball 1-2: Ball 2-2: Foul Ball, location: 2F 2-2: SINGLE (Line Drive, 8RS, EV 88.8 MPH)
|
|
Batting: LHB Eric Klasek
|
0-0: Ball 1-0: Ball 2-0: Foul Ball, location: 2F 2-1: Foul Ball, location: 2F 2-2: Grounds into double play, 6-4-3 (Groundball, 6, EV 81.2 MPH)
|
|
Batting: LHB Roy Steigerwald
|
0-0: Foul Ball, location: 2F 0-1: Called Strike 0-2: Strikes out looking
|
| Top of the 9th over - 0 runs, 1 hit, 0 errors, 0 left on base; Arizona 5 - Miami 6 |
|